[Event "Velká cena Novohradska - A"]
[Site "Nové Hrady, Czech Republic"]
[Date "2024.10.12"]
[Round "1.1"]
[White "Garabik, Marek"]
[Black "Slonek, Richard"]
[Result "1-0"]
[TimeControl "2x20min+10s/tah"]
[WhiteFideId "23717742"]
[BlackFideId "23744553"]
[WhiteElo "1925"]
[BlackElo "1524"]

1. e4 e6 2. d4 d5 3.
exd5 exd5 4. Nc3 Nf6 5. Bd3 Nc6 6. Nge2 Bd6 7. Bg5 Be6 8.
Qd2 h6 9. Bh4 O-O 10. f3 Re8 11. O-O-O a5 12. g4 g5 13. Bg3 Bb4 14. h4 Bxc3 15. Nxc3 Nxd4 16. Bh7+ Nxh7 17. Qxd4 a4 18. hxg5 c5 19. Qxc5 Qxg5+ 20. f4 Qxg4 21. Rdg1 Qf5 22. Qd4 Kf8 23. Bh4 f6 24. Bf2 Rac8 25.
Rxh6 Rc4 26. Qd3 Kf7 27. Rxh7+ Kf8 28. Rh8+ Kf7 29. Rxe8 Kxe8 30. Re1 Kf7 31. Qxf5 Bxf5 32. Kd2 d4 33.
Ne4 Bxe4 34. Rxe4 Rb4 35. Rxd4 Rxb2 36. Rxa4 b5 37.
Ra7+ Kg6 38. Ra6 Kf5 39. Rxf6+ Kxf6 40. Bd4+ Kf5 41. Bxb2 Kxf4 42. Kc3 Ke5 43. Kb4+ Kd6 44. Kxb5 Kc7 45. a4 Kb7 46. c4 Kc7 47. a5 Kb7 48. c5 Kc7 49. a6 Kb8 50.
Be5+ Ka7 51. Kc6 Kxa6 52. Bb8 Ka5 53. Kb7 Kb5 54. c6 Kc5 55. c7 Kb5 56. c8=Q Ka5 57. Bc7+ Ka4 58. Ba5 Kxa5 59. Qc1 Ka4 60. Kc6 Ka5 61. Qa3# 1-0

[Event "Velká cena Novohradska - A"]
[Site "Nové Hrady, Czech Republic"]
[Date "2024.10.12"]
[Round "1.2"]
[White "Čech, Nicolas"]
[Black "Dudarec, Elias"]
[Result "1-0"]
[TimeControl "2x20min+10s/tah"]
[WhiteFideId "23764228"]
[BlackFideId "23714930"]
[WhiteElo "1626"]
[BlackElo "1588"]

1. e4 e6 2. d4 d5 3. Nc3 dxe4 4. Nxe4 Nd7 5. Nf3 Ngf6 6. Nxf6+ Nxf6 7. c4 b6 8. Be2 Bb7 9. O-O Be7 10.
Re1 O-O 11. Be3 Rc8 12. h3 c5 13. dxc5 Bxc5 14. Bxc5 bxc5 15. Qc2 Qc7 16. Rad1 Rfd8 17. Rd2 Rxd2 18. Qxd2 Rd8 19. Qe3 Bxf3 20.
Bxf3 Rd4 21. Qc3 Qd6 22. a3 e5 23. Qc2 e4 24. Be2 h6 25. Rd1 Nd7 26. Rxd4 Qxd4 27. Qd1 Ne5 28. Qxd4 cxd4 29. b3 d3 30. Bd1 f5 31. Kf1 f4 32. b4 Nxc4 33.
Bb3 Kf8 34. Bxc4 Ke7 35. f3 d2 36. Ke2 e3 37. Bb3 g5 38. Bd1 Kd6 39. Kd3 a5 40. b5 Kc5 41. a4 h5 42. g3 fxg3 43. Kxe3 1-0

[Event "Velká cena Novohradska - A"]
[Site "Nové Hrady, Czech Republic"]
[Date "2024.10.12"]
[Round "1.3"]
[White "Rendl, Luboš"]
[Black "Hejda, Ondřej"]
[Result "1-0"]
[TimeControl "2x20min+10s/tah"]
[WhiteFideId "23750197"]
[BlackFideId "23713623"]
[WhiteElo "1860"]
[BlackElo "1702"]

1. a3 c6 2. c4 d5 3. d4 Nf6 4. Nc3 Bf5 5. Bg5 Nbd7 6. e3 e6 7. Nf3 Be7 8. Bd3 Bg6 9. O-O Qc7 10.
cxd5 cxd5 11. Rc1 Qd8 12. Nb5 O-O 13. Bxg6 hxg6 14. Bxf6 Nxf6 15. Ne5 Qb6 16. Qd3 Rac8 17. g4 a6 18.
g5 Ne4 19. Nd7 Qxb5 20. Qxb5 axb5 21. Nxf8 Rxf8 22. Rc7 Bxg5 23. Rxb7 Rc8 24. Rxb5 Rc2 25. b4 Bh4 26. Rc5 Nxc5 27. dxc5 Kf8 28. a4 Rb2 29. b5 Be7 30.
Rc1 Ke8 31. c6 Kd8 32. c7+ Kc8 33. Rc6 Bd6 34. Rxd6 Kxc7 35. Rc6+ Kb7 36. Kg2 Rb4 37. Ra6 e5 38. Kf3 f6 39. Re6 Rxa4 40. Re7+ Kb6 41. Rxg7 Rh4 42. Rxg6 Rxh2 43. Rxf6+ Kxb5 44. Rf5 Kc4 45. Rxe5 Rh4 46.
Kg3 Rh6 47. Rf5 Rg6+ 48. Kf3 d4 49. Rf4 Kc5 50. Rxd4 Rf6+ 51. Rf4 Re6 52. Rf5+ Kd6 53. Kf4 Rh6 54. f3 Ke6 55. Ra5 Rh4+ 56. Kg5 Rh3 57. Kg4 Rh7 58. e4 Rf7 59. f4 Kd6 60.
Ra6+ Kc5 61. Kg5 Kd4 62. e5 Ke4 63. Rf6 Re7 64. Kg6 Kd5 65. e6 Ke4 66. f5 Ke5 67. Rf7 Re8 68. e7 Kd6 69. f6 Ke6 70. Rf8 1-0

[Event "Velká cena Novohradska - A"]
[Site "Nové Hrady, Czech Republic"]
[Date "2024.10.12"]
[Round "1.4"]
[White "Mountassir, Karim"]
[Black "Gregor, Alexandr"]
[Result "0-1"]
[TimeControl "2x20min+10s/tah"]
[WhiteFideId "23746327"]
[BlackFideId "23735813"]
[WhiteElo "1614"]
[BlackElo "1813"]

1. e4 c5 2. Nf3 d6 3. d4 cxd4 4. Nxd4 Nf6 5. Nc3 a6 6. a4 e6 7. Be2 Be7 8. Be3 Qc7 9. Bf3 Nc6 10.
O-O Bd7 11. Qd2 O-O 12. Be2 Nxd4 13. Qxd4 Bc6 14. f3 d5 15. e5 Nd7 16. f4 Bc5 17. Qd3 Bxe3+ 18. Qxe3 Qb6 19. Qxb6 Nxb6 20.
a5 Nd7 21. Bd3 Rfb8 22. Ne2 Nc5 23. b4 Nxd3 24. cxd3 Bb5 25. Rfd1 Rc8 26. Rd2 Rc7 27. Rc1 Rxc1+ 28. Nxc1 Rc8 29. Ne2 h6 30. Kf2 g5 31.
Ke3 gxf4+ 32. Kxf4 Kg7 33. Ke3 Kg6 34. Kd4 h5 35. Nc3 f6 36. Nxb5 axb5 37. Rb2 Rc1 38. exf6 Kxf6 39. Rf2+ Ke7 40.
Ke5 Rb1 41. Rf4 Rb3 42. Rh4 Rxd3 43. Rxh5 Re3+ 44. Kd4 Re4+ 45. Kc3 Rc4+ 46. Kb3 Kd6 47. Rh7 d4 48. Rh4 e5 0-1

[Event "Velká cena Novohradska - A"]
[Site "Nové Hrady, Czech Republic"]
[Date "2024.10.12"]
[Round "1.5"]
[White "Hokr, Matyáš"]
[Black "Postl, František"]
[Result "0-1"]
[TimeControl "2x20min+10s/tah"]
[WhiteFideId "23734663"]
[BlackFideId "23709448"]
[WhiteElo "1534"]
[BlackElo "1514"]

1. e4 c5 2. f4 d6 3. Nf3 Nc6 4. Bb5 Bg4 5. d3 a6 6. Bc4 Nf6 7. c3 e6 8. O-O Be7 9. Qe1 d5 10.
Bb3 Qb6 11. Kh1 O-O 12. e5 Nd7 13. Qg3 Bf5 14. c4 Bxd3 15. Rd1 dxc4 16. Bxc4 Bxc4 17. Rxd7 Rad8 18. Rxd8 Rxd8 19. Nc3 Nb4 20.
Bd2 Nd3 21. b3 Bd5 22. Nxd5 exd5 23. Be3 d4 24. Bg1 Qh6 25. f5 Rd5 26. f6 Bf8 27. fxg7 Bxg7 28. Rd1 Nxe5 29. Re1 Ng6 30.
Re8+ Bf8 31. Ne5 f6 32. Nxg6 hxg6 33. Qf3 Qg5 34. Qh3 Rf5 35. Qd3 b5 36. a4 Qc1 37. axb5 Rf1 38. Qc4+ Kg7 39.
Qxf1 Qxf1 0-1

[Event "Velká cena Novohradska - A"]
[Site "Nové Hrady, Czech Republic"]
[Date "2024.10.12"]
[Round "1.6"]
[White "Polanský, Matěj"]
[Black "Borecký, Andrej"]
[Result "0-1"]
[TimeControl "2x20min+10s/tah"]
[WhiteFideId "23741872"]
[BlackFideId "23752670"]
[WhiteElo "1475"]
[BlackElo "1778"]

1. e4 c6 2. d4 d5 3. e5 Bf5 4. Nc3 e6 5. Bd3 Bg6 6. f4 Nd7 7. Nf3 Bb4 8. Bd2 Ne7 9. O-O Bxd3 10. cxd3 c5 11. dxc5 Nxc5 12.
d4 Bxc3 13. Bxc3 Ne4 14. Rc1 Rc8 15. Qa4+ Qd7 16. Qb3 O-O 17. Bb4 Rfd8 18. Qa3 Nc6 19. Bc5 b6 20. Bd6 Nxd6 21. Qxd6 Qxd6 22.
exd6 Rxd6 23. Ne5 f6 24. Nxc6 Rdxc6 25. Rce1 Kf7 26. Rf2 Rc2 27. Rfe2 Rxe2 28. Rxe2 Rc4 29. Rd2 Kg6 30. Kf2 Kf5 31.
Kf3 h5 32. h3 h4 33. g4+ hxg3 34. Kxg3 Rc1 35. a3 Rf1 36. Rc2 Rxf4 37. Rc7 Rxd4 38. Rxg7 Rd3+ 39. Kg2 Rd2+ 40. Kf3 e5 41.
h4 Rd3+ 42. Kg2 Rd4 43. Kg3 Rd1 44. Kg2 e4 45. h5 e3 46. Kf3 d4 47. h6 Rf1+ 48. Ke2 Rf2+ 49. Ke1 d3 50. Rg1 Rxb2 51. Kf1 Rb1+ 52. Kg2 Rxg1+ 53. Kxg1 d2 54. h7 d1=Q+ 55. Kg2 Qh5 56. a4 e2 57. a5 e1=Q 58.
h8=Q Qg4+ 59. Kh2 Qeg1# 0-1

[Event "Velká cena Novohradska - A"]
[Site "Nové Hrady, Czech Republic"]
[Date "2024.10.12"]
[Round "1.7"]
[White "Šebesta, Marek"]
[Black "Ponomarenko, Marko"]
[Result "1-0"]
[TimeControl "2x20min+10s/tah"]
[WhiteFideId "23765119"]
[BlackFideId "23777931"]
[WhiteElo "1707"]
[BlackElo "1498"]

1. e4 e5 2. Nf3 Nc6 3. Bc4 Bc5 4. c3 Nf6 5. d4 exd4 6. cxd4 Bb4+ 7. Nc3 O-O 8. O-O Bxc3 9. bxc3 Nxe4 10.
Qc2 d5 11. Bd3 Bf5 12. Ng5 Nxg5 13. Bxf5 g6 14. Bd3 Re8 15. Bf4 Ne6 16. Bg3 a5 17. Rab1 b6 18. Bb5 Na7 19. Bxe8 Qxe8 20. Rfe1 Qc6 21.
Qd2 Nb5 22. Re3 Na3 23. Rbe1 Nc4 24. Qe2 Nxe3 25. Qxe3 Ng7 26. Qf3 Nf5 27. Bf4 Kf8 28. g4 Ne7 29. Bh6+ Ke8 30. Qe3 Qd6 31.
Bf4 Qe6 32. Bxc7 Qxe3 33. Rxe3 Kd7 34. Bxb6 a4 35. Bc5 Re8 36. Rf3 f5 37. gxf5 gxf5 38. Bxe7 Rxe7 39. Rxf5 Kc6 40. Rf6+ Kb5 41. f4 Kc4 42. Rc6+ Kd3 43. Kf2 Ke4 44. Ra6 Kxf4 45. Rxa4 Re3 46. Ra5 Ke4 47. Rc5 h5 48. a4 Rf3+ 49. Kg2 Rf6 50. a5 Ra6 51. Kg3 h4+ 52. Kxh4 Kf4 53. Kh5 Ke4 54.
h4 Ra8 55. Kg6 Rg8+ 56. Kh7 Rg4 57.
h5 Rf4 58. h6 Rf6 59. Kg7 Rd6 60.
Rc7 1-0

[Event "Velká cena Novohradska - A"]
[Site "Nové Hrady, Czech Republic"]
[Date "2024.10.12"]
[Round "2.1"]
[White "Borecký, Andrej"]
[Black "Garabik, Marek"]
[Result "0-1"]
[TimeControl "2x20min+10s/tah"]
[WhiteFideId "23752670"]
[BlackFideId "23717742"]
[WhiteElo "1778"]
[BlackElo "1925"]

1. d4 e6 2. c4 d5 3.
Nc3 Nf6 4. Bg5 Be7 5. e3 O-O 6. Nf3 Nbd7 7. Be2 h6 8. Bh4 dxc4 9. Bxc4 c5 10.
O-O cxd4 11. Nxd4 Nb6 12. Be2 Nbd5 13. Rc1 Bd7 14. Bf3 Bc6 15. Nxc6 bxc6 16. Na4 Rc8 17. a3 Nd7 18. Bxe7 Qxe7 19. b4 Rfd8 20. Qb3 Ne5 21.
Be2 Qh4 22. f4 Ng4 23. Bxg4 Qxg4 24. Rf3 Qf5 25. Nc5 Nf6 26. Nb7 Rd3 27. Qa4 Qd5 28. b5 c5 29. Qxa7 Ne4 30. Na5 Rd1+ 31.
Rf1 Rxc1 32. Rxc1 Qd2 33. Rf1 Qxe3+ 34. Kh1 Nf2+ 35. Kg1 Nh3+ 36. Kh1 Qg1+ 37. Rxg1 Nf2# 0-1

[Event "Velká cena Novohradska - A"]
[Site "Nové Hrady, Czech Republic"]
[Date "2024.10.12"]
[Round "2.2"]
[White "Postl, František"]
[Black "Rendl, Luboš"]
[Result "1-0"]
[TimeControl "2x20min+10s/tah"]
[WhiteFideId "23709448"]
[BlackFideId "23750197"]
[WhiteElo "1514"]
[BlackElo "1860"]

1. e4 c5 2. Nf3 Nc6 3.
d4 cxd4 4. c3 dxc3 5. Bc4 e6 6.
Nxc3 a6 7. Bg5 Be7 8. Bf4 b5 9. Bb3 Bb7 10. O-O Bc5 11. e5 Nge7 12. Ne4 Qb6 13. Rc1 Bb4 14. a3 Ba5 15. Nd6+ Kf8 16.
Be3 Qc7 17. Ng5 f6 18. Qf3 Nxe5 19. Qxb7 Qxb7 20. Nxb7 N7c6 21. Bc5+ Kg8 22. Ne4 Rb8 23. Nbd6 f5 24. Ng5 h6 25.
Nxe6 dxe6 26. Bxe6+ Kh7 27. Bxf5+ g6 28. Be4 Bb6 29. f4 Nd7 30. Bxb6 Nxb6 31. Rxc6 1-0

[Event "Velká cena Novohradska - A"]
[Site "Nové Hrady, Czech Republic"]
[Date "2024.10.12"]
[Round "2.3"]
[White "Gregor, Alexandr"]
[Black "Šebesta, Marek"]
[Result "0-1"]
[TimeControl "2x20min+10s/tah"]
[WhiteFideId "23735813"]
[BlackFideId "23765119"]
[WhiteElo "1813"]
[BlackElo "1707"]

1. e4 e5 2. Nf3 Nc6 3. Bc4 Nf6 4. d3 Bc5 5.
O-O d6 6. h3 O-O 7. Bg5 Na5 8. Bb3 Nxb3 9. axb3 a6 10. c3 h6 11. Bh4 Re8 12. b4 Ba7 13. Nbd2 c6 14. Qc2 Re6 15.
d4 Qc7 16. dxe5 dxe5 17. Nc4 Nh5 18. Rad1 b5 19. Rd8+ Kh7 20. Ncxe5 Rxe5 21. Nxe5 Qxe5 22. Kh1 g5 23. Bg3 Nxg3+ 24. fxg3 Kg7 25. Qd3 Qe7 26. b3 Rb8 27. c4 Be6 28. Qc3+ f6 29. Rxb8 Bxb8 30. cxb5 cxb5 31. Qc6 Bxb3 32. Qxa6 Bc4 33. Rd1 Bxg3 34. Qc6 Bf7 35. Qxb5 Qxe4 36. Qd7 Qxb4 37. Qd8 Qb3 38.
Rf1 Qc3 39. Qd1 Be5 40. Rf3 Qd4 41. Qe2 Qa1+ 42. Rf1 Qa2 43. Qb5 Qc4 44. Qb1 Qc6 45. Qf5 Bg6 46. Qg4 Be4 47. h4 f5 48. Qe2 Qc2 49. Qxc2 Bxc2 50.
hxg5 hxg5 51. Rc1 Be4 52. Rc5 Bf4 53.
Rc3 Kf6 54. Kg1 Ke5 55. Kf2 Bd2 56. Rc5+ Bd5 57. Rc2 Ba5 58. Re2+ Be4 59. Rb2 Kf4 60. Rb5 Bc3 61. Rb3 Bd4+ 62. Kf1 Bd5 63. Rb4 Ke3 64. Rb8 Bc4+ 65. Kg1 Kf4+ 66. Kh2 Bd5 67. Rd8 Ke4 68. Re8+ Be5+ 69. Kg1 f4 70. Kf2 Kf5 71.
Rf8+ Kg4 72. Rd8 Bc6 73. Rd3 Bc7 74. Rc3 Bb6+ 75. Kf1 Bb5+ 76. Ke1 Ba5 0-1

[Event "Velká cena Novohradska - A"]
[Site "Nové Hrady, Czech Republic"]
[Date "2024.10.12"]
[Round "2.4"]
[White "Slonek, Richard"]
[Black "Čech, Nicolas"]
[Result "1-0"]
[TimeControl "2x20min+10s/tah"]
[WhiteFideId "23744553"]
[BlackFideId "23764228"]
[WhiteElo "1524"]
[BlackElo "1626"]

1. e4 c5 2. d4 cxd4 3. c3 dxc3 4. Nxc3 Nc6 5. Nf3 e6 6. Bb5 a6 7. Ba4 Qc7 8. Be3 Nf6 9. O-O Be7 10.
Re1 O-O 11. Rc1 Qb8 12. Bc2 Rd8 13. Bb6 Rf8 14. e5 Ne8 15. Qd3 f5 16. Re3 d5 17. Rce1 Bd7 18. Nd4 Bd8 19. Bc5 Be7 20.
Nxc6 bxc6 21. Bxe7 Rf7 22. Ba3 Nc7 23. Bd6 Qb7 24. b3 Nb5 25. Nxb5 axb5 26. Bb1 Qb6 27. Rc1 Be8 28. Rh3 h6 29. Bc5 Qc7 30. Qg3 Kh7 31.
Rh4 Rd7 32. h3 Qa5 33. Rg4 Qd2 34. Rf1 Rxa2 35. Rd4 Qa5 36. Bxa2 Qxa2 37. Rdd1 Qa5 38. b4 Qc7 39. Ra1 Qb8 40.
Ra5 d4 41. Rd1 d3 42. Bd6 Qb6 43. Rxd3 1-0

[Event "Velká cena Novohradska - A"]
[Site "Nové Hrady, Czech Republic"]
[Date "2024.10.12"]
[Round "2.5"]
[White "Dudarec, Elias"]
[Black "Mountassir, Karim"]
[Result "1/2-1/2"]
[TimeControl "2x20min+10s/tah"]
[WhiteFideId "23714930"]
[BlackFideId "23746327"]
[WhiteElo "1588"]
[BlackElo "1614"]

1. e4 e5 2. d4 exd4 3. c3 d3 4. Bxd3 Nc6 5. Nf3 Bc5 6. b4 Bb6 7. O-O d6 8. h3 Be6 9. a4 a6 10. Re1 Nf6 11. Bg5 Ne5 12.
Nxe5 dxe5 13. Qf3 c6 14. Na3 h6 15. Bh4 Qe7 16. Nc4 Bc7 17. Ne3 g5 18. Bg3 O-O 19. Nf5 Bxf5 20. Qxf5 Nh5 21.
Bc4 Qf6 22. Bh2 Rad8 23. Rad1 Qxf5 24. exf5 Nf4 25. Bxf4 gxf4 26. a5 Rxd1 27. Rxd1 Rd8 28. Re1 Kg7 29. g3 fxg3 30. fxg3 f6 31. Re3 Rd2 32. Rd3 Rxd3 33. Bxd3 Kf8 34. Kf2 Kg7 35. Kf3 e4+ 36. Bxe4 Be5 37. c4 Bc3 38. b5 axb5 39. cxb5 cxb5 40.
Bxb7 Bxa5 41. Ba6 b4 42. Bc4 Bb6 43. g4 Kf8 44. Kg3 Kg7 45. Kh4 Bc7 46. Kh5 Bg3 47. h4 Bf4 48.
Bb3 Be5 49. g5 hxg5 50. hxg5 fxg5 51. Kxg5 Bf6+ 52. Kh5 Be7 1/2-1/2

[Event "Velká cena Novohradska - A"]
[Site "Nové Hrady, Czech Republic"]
[Date "2024.10.12"]
[Round "2.6"]
[White "Ponomarenko, Marko"]
[Black "Hokr, Matyáš"]
[Result "0-1"]
[TimeControl "2x20min+10s/tah"]
[WhiteFideId "23777931"]
[BlackFideId "23734663"]
[WhiteElo "1498"]
[BlackElo "1534"]

1. e4 e6 2. d4 d5 3. exd5 exd5 4. Bd3 Nf6 5. Nf3 Bd6 6. O-O O-O 7. Bg5 Bg4 8. Nbd2 c6 9. c3 Nbd7 10. Qc2 Qc7 11.
h3 Bh5 12. Rfe1 h6 13. Bh4 g5 14. g4 Bxg4 15. hxg4 gxh4 16. Bf5 Kh8 17. Kf1 Rg8 18. Ke2 Rae8+ 19. Kd1 Rxe1+ 20. Kxe1 Nxg4 21.
Nb3 Ndf6 22. Ke2 Qe7+ 23. Kd3 Nh5 24. Re1 Qf6 25. Bxg4 Rxg4 26. Kd2 Qxf3 27. Kc1 h3 0-1

[Event "Velká cena Novohradska - A"]
[Site "Nové Hrady, Czech Republic"]
[Date "2024.10.12"]
[Round "2.7"]
[White "Hejda, Ondřej"]
[Black "Polanský, Matěj"]
[Result "0-1"]
[TimeControl "2x20min+10s/tah"]
[WhiteFideId "23713623"]
[BlackFideId "23741872"]
[WhiteElo "1702"]
[BlackElo "1475"]

1. e4 e5 2. Nf3 Nc6 3. Nc3 Bb4 4.
Bc4 Nf6 5. d3 d6 6. a3 Ba5 7. b4 Bb6 8. Bg5 h6 9. Bh4 O-O 10. Nd5 Kh8 11. Qd2 Kh7 12. Bxf6 gxf6 13. Rg1 Rg8 14. h3 f5 15. O-O-O f4 16.
g3 fxg3 17. fxg3 Bxh3 18. Rh1 Rxg3 19. Ne1 Qg5 20. Qxg5 hxg5 21. Rd2 Kg6 22. Rdh2 g4 23. b5 Nd4 24. c3 Ne6 25. Ne7+ Kg5 26.
Nf5 Rg1 27. Kd2 Rxh1 28. Rxh1 Rg8 29. Nc2 Bg2 30. Rh7 Kf4 31. Rxf7 Ng5 32. Nh6+ Nxf7 33. Nxg8 Ng5 34. Nf6 g3 35.
Ne1 Bf1 36. Nh5+ Kg4 37. Nf6+ Kh3 38. Nh5 g2 39. Nxg2 Kxg2 40. Bb3 Nf3+ 41. Kc2 Kf2 42. c4 Nd4+ 43. Kc3 Nxb3 44. Kxb3 Bxd3 45. Nf6 Ke3 46. a4 Bxe4 0-1

[Event "Velká cena Novohradska - A"]
[Site "Nové Hrady, Czech Republic"]
[Date "2024.10.12"]
[Round "3.1"]
[White "Garabik, Marek"]
[Black "Postl, František"]
[Result "1-0"]
[TimeControl "2x20min+10s/tah"]
[WhiteFideId "23717742"]
[BlackFideId "23709448"]
[WhiteElo "1925"]
[BlackElo "1514"]

1. e4 c5 2. Nc3 d6 3. f4 Nf6 4. Nf3 Nc6 5. Bb5 Bg4 6. Bxc6+ bxc6 7. d3 Qb6 8. b3 g6 9. h3 Be6 10.
Bb2 Bg7 11. Na4 Qc7 12. O-O Bh6 13. Qd2 Qd7 14. Ng5 O-O 15. Nxe6 fxe6 16. Qe1 Nh5 17. Qc3 Bg7 18. Qd2 e5 19.
fxe5 Bxe5 20. Nxc5 dxc5 21. Bxe5 Qe6 22. Qc3 Rab8 23. Bxb8 Rxb8 24. Qc4 Ng3 25. Qxe6+ 1-0

[Event "Velká cena Novohradska - A"]
[Site "Nové Hrady, Czech Republic"]
[Date "2024.10.12"]
[Round "3.2"]
[White "Šebesta, Marek"]
[Black "Rendl, Luboš"]
[Result "1-0"]
[TimeControl "2x20min+10s/tah"]
[WhiteFideId "23765119"]
[BlackFideId "23750197"]
[WhiteElo "1707"]
[BlackElo "1860"]

1. e4 c6 2. d4 d5 3. e5 c5 4. c3 Nc6 5. h3 Bf5 6.
Nf3 e6 7. Bd3 Bxd3 8. Qxd3 f6 9. O-O fxe5 10. Nxe5 Nxe5 11. dxe5 Ne7 12. c4 Nc6 13. Bf4 Be7 14. Nc3 O-O 15. Bg3 d4 16. Ne4 Qd7 17. Rfe1 Rad8 18. Re2 Nb4 19. Qd1 d3 20.
Rd2 Qd4 21. Qg4 Qxc4 22. Nf6+ Bxf6 23. Qxc4 Bg5 24. Qxe6+ Kh8 25. Rad1 Bxd2 26. Rxd2 c4 27. Qxc4 Nc2 28. Rxd3 Rc8 29.
Qg4 Ne1 30. Rd1 1-0

[Event "Velká cena Novohradska - A"]
[Site "Nové Hrady, Czech Republic"]
[Date "2024.10.12"]
[Round "3.3"]
[White "Polanský, Matěj"]
[Black "Gregor, Alexandr"]
[Result "0-1"]
[TimeControl "2x20min+10s/tah"]
[WhiteFideId "23741872"]
[BlackFideId "23735813"]
[WhiteElo "1475"]
[BlackElo "1813"]

1. e4 c5 2. Nc3 Nc6 3. f4 e6 4.
Nf3 d5 5. e5 Be7 6. Bb5 Bd7 7. O-O a6 8. Bxc6 Bxc6 9. d4 cxd4 10. Nxd4 Qc7 11. Nxc6 bxc6 12. Be3 c5 13. Bf2 c4 14.
Qg4 g6 15. Rad1 Bc5 16. Bxc5 Qxc5+ 17. Kh1 Nh6 18. Qg5 Nf5 19. Rfe1 Qe7 20. Qxe7+ Kxe7 21. g4 Ng7 22. Kg2 h5 23. h3 hxg4 24. hxg4 Rh4 25. Kg3 Rah8 26.
Ne2 Rh3+ 27. Kf2 Rh2+ 28. Kf1 R2h4 29. g5 Nf5 30. Kf2 Rh2+ 31. Kf1 Ne3+ 32. Kg1 Rg2# 0-1

[Event "Velká cena Novohradska - A"]
[Site "Nové Hrady, Czech Republic"]
[Date "2024.10.12"]
[Round "3.4"]
[White "Hokr, Matyáš"]
[Black "Slonek, Richard"]
[Result "1-0"]
[TimeControl "2x20min+10s/tah"]
[WhiteFideId "23734663"]
[BlackFideId "23744553"]
[WhiteElo "1534"]
[BlackElo "1524"]

1. e4 e6 2. d4 d5 3. exd5 exd5 4. Bd3 Nc6 5. Nf3 Nf6 6. O-O Bd6 7. Re1+ Be6 8. Bf5 Qd7 9. Ng5 O-O-O 10. Nxe6 Kb8 11. Nxd8 Qxd8 12. Bg5 h6 13. Bh4 g5 14. Bg3 Bxg3 15. hxg3 h5 16. f3 Qd6 17. Kf2 h4 18. gxh4 Qf4 19. hxg5 Qxg5 20. Rh1 Re8 21. Bd3 Qe3+ 22.
Kf1 Qf4 23. Qd2 Qg3 24. Qf2 Qf4 25. Qd2 Qg3 26. Na3 Rg8 27. c3 a6 28. b4 Rg5 29. b5 axb5 30. Nxb5 Nh5 31. Qe2 b6 32. Rh3 Qxh3 33. gxh3 Ng3+ 34. Kf2 Nxe2 35. Bxe2 Ne7 36. Rg1 Rh5 37. Kg3 c6 38. Nd6 Rh7 39.
Bd3 Ng6 40. Nxf7 Rxf7 41. Bxg6 Rg7 42. Kf4 Kc7 43. h4 Kd6 44.
h5 Ke7 45. Re1+ Kf6 46. Re5 Rg8 47. Rf5+ Kg7 48. Rf7+ Kh8 49.
Rh7# 1-0

[Event "Velká cena Novohradska - A"]
[Site "Nové Hrady, Czech Republic"]
[Date "2024.10.12"]
[Round "3.5"]
[White "Čech, Nicolas"]
[Black "Borecký, Andrej"]
[Result "1-0"]
[TimeControl "2x20min+10s/tah"]
[WhiteFideId "23764228"]
[BlackFideId "23752670"]
[WhiteElo "1626"]
[BlackElo "1778"]

1. e4 c5 2. Nf3 Nc6 3. c4 g6 4. d4 cxd4 5. Nxd4 Bg7 6. Be3 d6 7. Nc3 Nf6 8. Be2 O-O 9. O-O Bd7 10. Rc1 Rc8 11. Nc2 a6 12. f3 Na5 13.
b3 Nc6 14. Qd2 Qa5 15. b4 Qd8 16. Nd5 Nxd5 17. exd5 Ne5 18. Nd4 Re8 19. Rfd1 h5 20. Nb3 1-0

[Event "Velká cena Novohradska - A"]
[Site "Nové Hrady, Czech Republic"]
[Date "2024.10.12"]
[Round "3.6"]
[White "Hejda, Ondřej"]
[Black "Dudarec, Elias"]
[Result "0-1"]
[TimeControl "2x20min+10s/tah"]
[WhiteFideId "23713623"]
[BlackFideId "23714930"]
[WhiteElo "1702"]
[BlackElo "1588"]

1. e4 e6 2. d4 d5 3.
exd5 exd5 4. Nf3 Nf6 5. c3 Bd6 6.
Bg5 O-O 7. Be2 Bf5 8. O-O Nbd7 9. Nbd2 c6 10. Qb3 Re8 11. Rfe1 Qc7 12. Rac1 b5 13. a4 a6 14. Ra1 h6 15.
Bh4 Ne4 16. Nxe4 dxe4 17. Nd2 Bxh2+ 18. Kh1 Bf4 19. Qc2 g5 20. Bg3 Bxg3 21. fxg3 Qxg3 22. Rf1 Qh4+ 23. Kg1 Bg6 24. c4 e3 25.
Nf3 Qf2+ 0-1

[Event "Velká cena Novohradska - A"]
[Site "Nové Hrady, Czech Republic"]
[Date "2024.10.12"]
[Round "3.7"]
[White "Mountassir, Karim"]
[Black "Ponomarenko, Marko"]
[Result "1/2-1/2"]
[TimeControl "2x20min+10s/tah"]
[WhiteFideId "23746327"]
[BlackFideId "23777931"]
[WhiteElo "1614"]
[BlackElo "1498"]

1. e4 e5 2. Nf3 Nc6 3. Bc4 Bc5 4.
d3 Nf6 5. Bg5 d6 6. h3 Na5 7. Bb3 O-O 8. Nc3 c6 9. O-O Nxb3 10. axb3 Be6 11. Ne2 d5 12. Nxe5 dxe4 13. dxe4 Qxd1 14.
Raxd1 Nxe4 15. Bh4 f6 16. Nd7 Bxd7 17. Rxd7 b6 18. Ng3 Nxg3 19. Bxg3 Rfe8 20. Rd2 Re6 21. Rfd1 Rae8 22. Kf1 Kf7 23. Bd6 Bxd6 24. Rxd6 Rxd6 25. Rxd6 c5 26. Rd7+ Re7 27. Rxe7+ Kxe7 28. Ke2 Kd6 29. Kd3 Kd5 30. c4+ Ke5 31.
Kc3 a5 32. Kd3 h5 33. h4 g5 34. hxg5 fxg5 35. Ke3 g4 36. g3 Kf5 37. Kd3 Ke5 38. Ke3 Kf5 39. Kd3 1/2-1/2

[Event "Velká cena Novohradska - A"]
[Site "Nové Hrady, Czech Republic"]
[Date "2024.10.12"]
[Round "4.1"]
[White "Šebesta, Marek"]
[Black "Garabik, Marek"]
[Result "0-1"]
[TimeControl "2x20min+10s/tah"]
[WhiteFideId "23765119"]
[BlackFideId "23717742"]
[WhiteElo "1707"]
[BlackElo "1925"]

1. e4 e6 2. d4 d5 3. e5 c5 4. c3 Bd7 5. Nf3 Qb6 6. a3 Bb5 7. Bd3 Qa6 8. Bxb5+ Qxb5 9. Qe2 Qxe2+ 10. Kxe2 cxd4 11. cxd4 Nd7 12. b4 Ne7 13. Bb2 Rc8 14. Nc3 Nc6 15. Na4 Be7 16. Rac1 O-O 17. Nc5 Nxc5 18.
bxc5 Na5 19. Nd2 b6 20. cxb6 axb6 21. f4 b5 22. Rxc8 Rxc8 23. Rc1 Rxc1 24. Bxc1 Kf8 25. Kd3 Ke8 26. Kc3 Kd7 27. Nb3 Nc4 28. Nc5+ Bxc5 29. dxc5 Kc6 30. Kb4 f6 31. g4 fxe5 32. fxe5 Nxe5 33. g5 Nd3+ 0-1

[Event "Velká cena Novohradska - A"]
[Site "Nové Hrady, Czech Republic"]
[Date "2024.10.12"]
[Round "4.3"]
[White "Postl, František"]
[Black "Čech, Nicolas"]
[Result "1-0"]
[TimeControl "2x20min+10s/tah"]
[WhiteFideId "23709448"]
[BlackFideId "23764228"]
[WhiteElo "1514"]
[BlackElo "1626"]

1. e4 c5 2. Nf3 Nc6 3. d4 cxd4 4. c3 dxc3 5. Bc4 cxb2 6. Bxb2 e6 7. O-O d6 8. Qc2 e5 9. Rd1 Qc7 10.
Ng5 Be6 11. Nxe6 fxe6 12. Bxe6 Qe7 13. Bd5 Qd7 14. Qe2 Nf6 15. Nc3 Nd4 16. Qd3 Be7 17. Qg3 Qg4 18. Qxg4 Nxg4 19. f3 Ne3 20.
Rd2 Nxd5 21. Nxd5 Ne6 22. Rc1 Kd7 23.
Rcd1 Bg5 24. Rd3 Nc5 25. Rc3 b6 26. Ba3 Rac8 27. Bxc5 bxc5 28. Ra3 Ra8 29. Rb1 Rhb8 30. Rxb8 Rxb8 31.
Rxa7+ Ke6 32. Rxg7 Rb1+ 33. Kf2 Rb2+ 34. Kg3 h6 35.
h4 Bd8 36. Rg6+ Kd7 37. Rxh6 Rxa2 38. h5 Ra1 39. Rh7+ Ke6 40. Kh2 Bg5 41. h6 Bf4+ 42. Nxf4+ exf4 43. Rg7 Kf6 44. Rg4 c4 45.
h7 1-0

[Event "Velká cena Novohradska - A"]
[Site "Nové Hrady, Czech Republic"]
[Date "2024.10.12"]
[Round "4.4"]
[White "Dudarec, Elias"]
[Black "Borecký, Andrej"]
[Result "1-0"]
[TimeControl "2x20min+10s/tah"]
[WhiteFideId "23714930"]
[BlackFideId "23752670"]
[WhiteElo "1588"]
[BlackElo "1778"]

1. e4 c5 2. Nf3 Nc6 3. d4 cxd4 4. Nxd4 Nf6 5. Nc3 e5 6. Nxc6 bxc6 7. Bd3 Bb4 8. O-O Bxc3 9. bxc3 h6 10.
f4 exf4 11. Ba3 Qa5 12. Bd6 Qxc3 13. Kh1 Qd4 14. Bxf4 d6 15. Bxd6 Bg4 16. Qe1 Qxd6 17. e5 Qe6 18. exf6 Qxe1 19.
Raxe1+ Kf8 20. Re7 Be6 21. Rc7 gxf6 22.
Rxf6 Rg8 23. Be4 Rh8 24. Bd3 Rg8 25. Be4 Rd8 26. h3 Bxh3 27. gxh3 Rd1+ 1-0